 Dungeon Crawl Stone Soup version 0.22-a0-223-g0f5d773 (webtiles) character file.

3399 Amnesiac the Destroyer (level 9, 0/56 HPs)
             Began as a Deep Elf Conjurer on Feb 18, 2018.
             Was a Follower of Sif Muna.
             Slain by a two-headed ogre
             ... wielding a cursed -3 dire flail
              (17 damage)
             ... on level 9 of the Dungeon.
             The game lasted 00:15:23 (8847 turns).

Amnesiac the Destroyer (Deep Elf Conjurer)          Turns: 8847, Time: 00:15:24

Health: 0/56       AC: 10    Str:  5    XL:     9   Next: 75%
Magic:  20/23      EV: 15    Int: 28    God:    Sif Muna [*.....]
Gold:   385        SH:  0    Dex: 15    Spells: 15/25 levels left

rFire    . . .     SeeInvis .   b - +4 hunting sling (flame)
rCold    + . .     Gourm    .   (no shield)
rNeg     . . .     Faith    .   c - +3 leather armour
rPois    .         Spirit   .   (no helmet)
rElec    .         Reflect  .   w - +0 cloak
rCorr    .         Harm     .   v - +0 pair of gloves (curse)
MR       .....                  j - +1 pair of boots
Stlth    ++........             t - amulet of magic regeneration
HPRegen  0.18/turn              x - +4 ring of intelligence
MPRegen  0.43/turn              D - ring of protection from cold

@: vulnerable, divine energy
A: no striking features
a: Stop Divine Energy, Renounce Religion


You were on level 9 of the Dungeon.
You worshipped Sif Muna.
Sif Muna was aware of your devotion.
You were hungry.

You visited 2 branches of the dungeon, and saw 10 of its levels.

You collected 385 gold pieces.

Inventory:

Hand Weapons
 a - a +2 dagger of venom
 b - a +4 hunting sling of flaming (weapon)
Missiles
 g - 291 stones
 h - 54 sling bullets (quivered)
 n - 17 poisoned needles
 A - 7 needles of sleeping
Armour
 c - a +3 leather armour (worn)
 j - a +1 pair of boots (worn)
 u - a +1 leather armour of magic resistance
 v - a cursed +0 pair of gloves (worn)
 w - a +0 cloak (worn)
Jewellery
 o - an uncursed amulet of harm
 t - an amulet of magic regeneration (around neck)
 x - a +4 ring of intelligence (left hand)
 D - a ring of protection from cold (right hand)
Wands
 e - a wand of paralysis (4)
 s - a wand of iceblast (11)
 y - a wand of flame (8)
 z - a wand of digging (13)
 C - a wand of random effects (48)
 F - a wand of enslavement (11)
Scrolls
 d - 3 scrolls of remove curse {!r}
 k - 2 scrolls of identify {!r}
 m - 4 scrolls of teleportation {!r}
 q - 2 scrolls of enchant armour {!r}
Potions
 i - 2 potions of cancellation {!q}
 l - a potion of curing {!q}
 p - a potion of mutation {!q}
 r - 2 potions of might {!q}
 B - a potion of flight {!q}
 G - a potion of heal wounds {!q, unknown}
Comestibles
 f - 10 rations


   Skills:
 - Level 6.6 Fighting
 - Level 6.5 Dodging
 - Level 2.4 Stealth
 + Level 8.5 Spellcasting
 * Level 9.9 Conjurations


You had 15 spell levels left.
You knew the following spells:

 Your Spells              Type           Power        Failure   Level  Hunger
a - Iskenderun's Mystic   Conj           ######..     1%          4    #......
b - Searing Ray           Conj           ######       1%          2    None
d - Fulminant Prism       Conj/Hex       #####.....   10%         4    #......


Dungeon Overview and Level Annotations

Branches:
Dungeon (9/15)             Temple (1/1) D:7
   Lair: D:8-11         Orc: D:9-12

Altars:
Ashenzari
Elyvilon
Makhleb
Nemelex Xobeh
Sif Muna
Trog
Uskayaw
Vehumet
Wu Jian
Yredelemnul


Message History

Put on which piece of jewellery? (? for menu, Esc to quit)
Okay, then.
Casting: Iskenderun's Mystic Blast (safe; 1% risk of failure)
Confirm with . or Enter, or press ? or * to list all spells.
Aiming: Iskenderun's Mystic Blast (safe; 1% risk of failure)
Press: ? - help, Shift-Dir - straight line, f - wolf
Aim: a wolf (resting)
The orb of energy hits the wolf.
The wolf is almost dead.
The wolf howls!
You hear an angry growl.
You hear two shouts!
A two-headed ogre comes into view.
It is wielding an enchanted dire flail and a giant club.
Unknown command.
The wolf barely misses you.
Casting: Iskenderun's Mystic Blast (safe; 1% risk of failure)
Confirm with . or Enter, or press ? or * to list all spells.
Aiming: Iskenderun's Mystic Blast (safe; 1% risk of failure)
Press: ? - help, Shift-Dir - straight line, f/p - wolf
Aim: a wolf (almost dead)
The orb of energy hits the wolf.
The wolf is almost dead.
The wolf misses you. The wolf bites you.
Casting: Iskenderun's Mystic Blast (safe; 1% risk of failure)
Confirm with . or Enter, or press ? or * to list all spells.
Aiming: Iskenderun's Mystic Blast (safe; 1% risk of failure)
Press: ? - help, Shift-Dir - straight line, f/p - wolf
Aim: a wolf (almost dead)
The orb of energy hits the wolf.
You kill the wolf!
Sif Muna accepts your kill.
The orb of energy explodes!
The mystic blast hits the two-headed ogre.
The two-headed ogre is moderately wounded.
You hear a howl!
Casting: Iskenderun's Mystic Blast (safe; 1% risk of failure)
Confirm with . or Enter, or press ? or * to list all spells.
Aiming: Fulminant Prism (safe; 10% risk of failure)
Press: ? - help, Dir - move target cursor You conjure a prism of explosive energy!
The two-headed ogre hits you with an enchanted dire flail!
* * * LOW HITPOINT WARNING * * *
The two-headed ogre hits you with a giant club!
* * * LOW HITPOINT WARNING * * *
Your fulminant prism crackles loudly.
Your fulminant prism explodes!
The blast of energy engulfs the two-headed ogre.
The two-headed ogre is heavily wounded.
You hear a howl!
You hear an angry buzzing noise.
Okay, then.
Okay, then.
Okay, then.
There is a stone staircase leading up here.
Okay, then.
Okay, then.
Casting: Fulminant Prism (safe; 10% risk of failure)
Confirm with . or Enter, or press ? or * to list all spells.
Okay, then.
Okay, then.
Okay, then.
Okay, then.
Really read
H - a scroll labeled ASINUS BEUSEU {!r}?
As you read the scroll labeled ASINUS BEUSEU {!r}, it crumbles to dust.
Magic quickly surges around you.
It was a scroll of vulnerability {!r}.
The two-headed ogre hits you with an enchanted dire flail!
You die...

########
####......#
##....####.#
###.....#
#.#
#..@O<..#
#.#
#########
#.# #.# #.#
#.# ###.#
#...# #.###
#.#


You could see a two-headed ogre.

Vanquished Creatures
  Grinder (D:5)
  Prince Ribbit (D:6)
  A hippogriff (D:7)
  Menkaure (D:7)
  Duvessa (D:7)
  Edmund (D:5)
  A black bear (D:6)
  An orc warrior (D:7)
  2 phantoms
  3 ogres
  A wolf (D:9)
  2 centaurs
  The ghost of Amnesiac the Conjurer, an amateur DECj (D:3)
  3 bullfrogs
  Dowan (D:7)
  4 scorpions
  A killer bee (D:9)
  2 howler monkeys (D:8)
  3 crimson imps
  A bullfrog zombie (D:6)
  A centaur zombie (D:7)
  3 jellies
  3 hounds
  A gnoll shaman (D:5)
  3 orc priests
  A bullfrog skeleton (D:6)
  3 orc wizards
  2 centaur skeletons
  Ijyb (D:5)
  3 worker ants
  A howler monkey zombie (D:5)
  5 gnolls (D:5)
  13 adders
  An adder skeleton (D:3)
  A worm (D:2)
  3 dart slugs
  4 leopard geckos
  16 orcs
  8 bats
  4 giant cockroaches
  14 goblins
  10 hobgoblins
  20 jackals
  7 kobolds
  3 quokkas
  2 ball pythons (D:2)
  8 frilled lizards
  A leopard gecko skeleton (D:8)
  A quokka skeleton (D:8)
  7 rats
182 creatures vanquished.

Vanquished Creatures (others)
  14 fulminant prisms
14 creatures vanquished.

Grand Total: 196 creatures vanquished

Notes
Turn   | Place    | Note
-------+----------+-------------------------------------------
     0 | D:1      | Amnesiac the Deep Elf Conjurer began the quest for the Orb.
     0 | D:1      | Reached XP level 1. HP: 10/10 MP: 6/6
   184 | D:1      | Reached XP level 2. HP: 15/15 MP: 0/8
   385 | D:3      | Reached XP level 3. HP: 14/19 MP: 1/11
   572 | D:3      | Reached skill level 5 in Spellcasting
   644 | D:2      | Reached skill level 5 in Conjurations
   757 | D:1      | Reached XP level 4. HP: 24/24 MP: 13/13
  1767 | D:3      | Noticed Amnesiac's ghost (amateur DECj)
  1915 | D:2      | Learned a level 2 spell: Searing Ray
  1971 | D:3      | Killed Amnesiac's ghost
  1971 | D:3      | Reached XP level 5. HP: 30/30 MP: 9/14
  3192 | D:4      | Reached XP level 6. HP: 19/37 MP: 13/15
  3992 | D:5      | Entered Level 5 of the Dungeon
  4439 | D:5      | Noticed Edmund
  4541 | D:6      | Reached skill level 6 in Conjurations
  4726 | D:6      | Reached XP level 7. HP: 28/42 MP: 9/17
  5189 | D:6      | Noticed Prince Ribbit
  5199 | D:6      | Killed Prince Ribbit
  5199 | D:6      | Reached skill level 5 in Fighting
  5199 | D:6      | Reached skill level 5 in Dodging
  5199 | D:6      | Reached XP level 8. HP: 13/49 MP: 9/19
  5778 | D:7      | Noticed a hippogriff
  5790 | D:7      | Killed a hippogriff
  5909 | D:7      | Reached skill level 7 in Conjurations
  6004 | D:7      | Found a staircase to the Ecumenical Temple.
  6004 | D:7      | Noticed Duvessa
  6005 | D:7      | Noticed Dowan
  6038 | D:7      | Killed Duvessa
  6044 | D:7      | Killed Dowan
  6113 | Temple   | Entered the Ecumenical Temple
  6184 | Temple   | Became a worshipper of Sif Muna the Loreminder
  6446 | D:5      | Killed Edmund
  6496 | D:5      | Noticed Ijyb
  6506 | D:5      | Killed Ijyb
  6520 | D:5      | Reached XP level 9. HP: 43/56 MP: 16/20
  6536 | D:5      | Learned a level 4 spell: Fulminant Prism
  6693 | D:5      | Noticed Grinder
  6697 | D:5      | Paralysed by Grinder for 4 turns
  6703 | D:5      | Killed Grinder
  6703 | D:5      | Reached skill level 8 in Conjurations
  7320 | D:7      | Reached * piety under Sif Muna
  7448 | D:7      | Noticed Menkaure
  7454 | D:7      | Killed Menkaure
  7592 | D:7      | Reached skill level 9 in Conjurations
  7603 | D:7      | Found a sparkling altar of Nemelex Xobeh.
  8725 | D:8      | Learned a level 4 spell: Iskenderun's Mystic Blast
  8819 | D:9      | Noticed a two-headed ogre
  8847 | D:9      | Slain by a two-headed ogre

Vault maps used:
D:1:      evilmike_arrival_rings, corner_web_ring
D:5:      first_ration, uniq_ijyb, uniq_edmund, uniq_grinder
D:6:      corexii_corridor_pit, patterned_corridor, uniq_prince_ribbit1
D:7:      lemuel_crystal_altar, minmay_temple_entry_glass, uniq_duvessa,
          uniq_menkaure
D:9:      chequers_temple_overflow_minitemple, uniq_grum
Temple:   dpeg_five_rooms_temple

Skill      XL: |  1  2  3  4  5  6  7  8  9 |
---------------+----------------------------+-----
Spellcasting   | 4 5 6 8 |  8.5
Conjurations   | 5 6 7 9 |  9.9
Fighting       | 2 3 5 6 |  6.6
Dodging        | 3 5 6 |  6.5
Stealth        | |  2.4

Action                   |  1- 3 |  4- 6 |  7- 9 || total
-------------------------+-------+-------+-------++-------
 Fire: Hunting sling     |    15 |   203 |   163 ||   381
 Cast: Magic Dart        |    41 |    10 |       ||    51
       Searing Ray       |       |     5 |    36 ||    41
       Fulminant Prism   |       |       |    14 ||    14
       Iskenderun's Myst |       |       |     7 ||     7
Invok: Divine Energy     |       |       |     1 ||     1
  Use: Scroll            |       |    11 |     4 ||    15
  Eat: Chunk             |       |    11 |    13 ||    24
Armor: Leather armour    |    12 |    59 |    52 ||   123
Dodge: Dodged            |    16 |    80 |    83 ||   179

Table legend:
 A = Spawn XP
 B = Non-spawn XP
 C = Spawn XP percentage of total XP
 D = Spawn monster count
 E = Non-spawn monster count
 F = Spawn count percentage of total count
 G = Total turns spent on level
                    A         B        C        D         E        F      G
               +---------+---------+-------+---------+---------+-------+---------
         Total |       0 |    4857 |   0.0 |       0 |     182 |   0.0 |  8847
               +---------+---------+-------+---------+---------+-------+---------
           D:1 |       0 |      48 |   0.0 |       0 |      27 |   0.0 |  1161
           D:2 |       0 |      99 |   0.0 |       0 |      31 |   0.0 |   973
           D:3 |       0 |     206 |   0.0 |       0 |      24 |   0.0 |   966
           D:4 |       0 |     136 |   0.0 |       0 |       8 |   0.0 |   948
           D:5 |       0 |     829 |   0.0 |       0 |      23 |   0.0 |  1155
           D:6 |       0 |    1214 |   0.0 |       0 |      24 |   0.0 |  1174
           D:7 |       0 |    1463 |   0.0 |       0 |      32 |   0.0 |  1397
           D:8 |       0 |     566 |   0.0 |       0 |      10 |   0.0 |   883
           D:9 |       0 |     296 |   0.0 |       0 |       3 |   0.0 |    64
               +---------+---------+-------+---------+---------+-------+---------
